 Dungeon Crawl Stone Soup version 0.26-a0-707-g31817bcca1 (webtiles) character file.

Game seed: 6930125131092037088

35 Ijustatesigmund the Skirmisher (level 3, -2/26 HPs)
             Began as an Octopode Fighter on Oct 26, 2020.
             Slain by an adder (5 damage)
             ... on level 2 of the Dungeon.
             The game lasted 00:01:30 (1069 turns).

Ijustatesigmund the Skirmisher (Octopode Fighter)   Turns: 1069, Time: 00:01:31

Health: -2/26      AC:  1    Str: 15    XL:     3   Next: 33%
Magic:  3/3        EV: 11    Int: 10    God:
Gold:   90         SH:  8    Dex: 12    Spells: 2/2 levels left

rFire    . . .     SeeInvis .   a - +0 war axe
rCold    . . .     Faith    .   b - +0 kite shield
rNeg     . . .     Spirit   .   (helmet restricted)
rPois    .         Reflect  .   (no amulet)
rElec    .         Harm     .   (no ring)
rCorr    .         Rampage  .   (no ring)
MR       .....                  (no ring)
Stlth    ++........             (no ring)
HPRegen  0.08/turn              (no ring)
MPRegen  0.08/turn              (no ring)
                                (no ring)
                                (no ring)

@: mighty
A: almost no armour, stealthy swim, amphibious, 8 rings, constrict 8, camouflage
1, gelatinous body 1
a: no special abilities


You were on level 2 of the Dungeon.
You visited 1 branch of the dungeon, and saw 2 of its levels.

You collected 90 gold pieces.

Inventory:

Hand Weapons
 a - a +0 war axe (weapon)
Armour
 b - a +0 kite shield (worn)
Scrolls
 d - a scroll of magic mapping {unknown}
 h - 2 scrolls of teleportation {unknown}
Potions
 e - 2 potions of magic
 g - a potion of lignification


   Skills:
 + Level 3.4 Fighting
 * Level 3.2 Axes
 - Level 3.0 Dodging
 - Level 3.0 Shields


You had 2 spell levels left.
You didn't know any spells.
Your spell library was empty.

Dungeon Overview and Level Annotations

Branches:
Dungeon (2/15)

Altars:


Innate Abilities, Weirdness & Mutations

You cannot wear most types of armour.
You are very stealthy in the water. (Stealth+)
You are amphibious.
You can wear up to eight rings at the same time.
You can use your tentacles to constrict eight enemies at once.
Your skin changes colour to match your surroundings (Stealth+).
Your rubbery body absorbs attacks. (AC +1, EV +1)


Message History

You are too injured to fight recklessly!
You are too injured to fight recklessly!
You are too injured to fight recklessly!
You are too injured to fight recklessly!
You are too injured to fight recklessly!
You are too injured to fight recklessly!
You are too injured to fight recklessly!
You are too injured to fight recklessly!
You are too injured to fight recklessly!
You are too injured to fight recklessly!
You are too injured to fight recklessly!
You are too injured to fight recklessly!
You release your grip on the worm.
The adder barely misses you.
You barely miss the adder. Your grab misses the adder. The adder bites you.
* * * LOW HITPOINT WARNING * * *
The adder barely misses you.
You feel very mighty all of a sudden. The adder bites you.
You die...

...... #....# #
..... #. ...#
####.## ...
#.....( #.#
#....[.##.######.
.......wS@.......
#......##.######.
#^...........#
#...........$#####
#######..........#
#....†.#####
#......# #..(.†)#
##......##


You could see a worm and an adder.

Vanquished Creatures
  An adder (D:2)
  An ooze (D:1)
  2 dart slugs
  A giant cockroach (D:2)
  3 goblins
  2 hobgoblins (D:1)
  A ball python (D:2)
  3 frilled lizards
  4 kobolds
  3 rats
21 creatures vanquished.

Notes
Turn   | Place    | Note
-------+----------+-------------------------------------------
     0 | D:1      | Ijustatesigmund the Octopode Fighter began the quest for
                  | the Orb.
     0 | D:1      | Reached XP level 1. HP: 16/16 MP: 1/1
   177 | D:1      | Reached XP level 2. HP: 21/21 MP: 2/2
   953 | D:2      | Reached XP level 3. HP: 22/26 MP: 3/3
  1069 | D:2      | Slain by an adder

Illustrated notes

Levels and vault maps discovered:
D:1:      dpeg_arrival_erosion, layout_basic
D:2:      layout_basic, corexii_item_surrounded_by_moat, minivault_26,
          minmay_snake_closets, uniq_crazy_yiuf_cottage, uniq_natasha

Skill      XL: |  1  2 |
---------------+-------+-----
Axes           | 3 |  3.2
Fighting       | |  3.4
Dodging        | |  3.0
Shields        | |  3.0

Action                   || total
-------------------------++-------
Melee: War axe           ||    42
       Tentacles         ||     6
       Constrict         ||     9
  Use: Scroll            ||     2
       Potion            ||     3
 Stab: Sleeping          ||     6
Armor: Skin              ||     8
Dodge: Dodged            ||    12
Block: Kite shield       ||    13

Table legend: (Time is in decaauts)
 A = Elapsed time spent in this place.
 B = Non-inter-level travel time spent in this place.
 C = Inter-level travel time spent in this place.
 D = Time resting spent in this place.
 E = Time spent auto-exploring this place.
 F = Levels seen in this place.
 G = Mean time per level.
                   A        B        C        D        E       F      G
               +--------+--------+--------+--------+--------+-----+--------+
         Total |   1087 |   1066 |     21 |     83 |    819 |   2 |  543.5 |
       Dungeon |   1087 |   1066 |     21 |     83 |    819 |   2 |  543.5 |
               +--------+--------+--------+--------+--------+-----+--------+

Top non-repeatable levels by time:
     D:1: 743 daAuts
     D:2: 343 daAuts
